 Dungeon Crawl Stone Soup version 0.31-a0-1-g4198be8af4 (webtiles) character file.

Game seed: 8557000180460966992

692 123456 the Stinger (level 7, -19/46 HPs)
             Began as a Demonspawn Venom Mage on May 1, 2023.
             Demolished by a two-headed ogre
             ... wielding a +0 giant club
              (22 damage)
             ... on level 4 of the Dungeon.
             The game lasted 00:12:44 (5765 turns).

123456 the Stinger (Demonspawn Venom Mage)          Turns: 5765, Time: 00:12:45

Health: -19/46     AC:  4    Str: 14    XL:     7   Next: 36%
Magic:  11/13      EV: 13    Int: 18    God:
Gold:   202        SH:  0    Dex: 14    Spells: 4/14 levels left

rFire   . . .        A - staff of poison "Cohi Ophu" {Fragile rPois rN+ SInv}
rCold   . . .        (no shield)
rNeg    + . .        a - +0 robe
rPois   +            (helmet restricted)
rElec   .            (no cloak)
rCorr   .            k - +1 pair of gloves
SInv    +            (no boots)
Will    .....        n - amulet of magic regeneration
Stlth   ++           x - ring of poison resistance
HPRegen 0.27/turn    z - +6 ring of strength
MPRegen 0.53/turn

%: no passive effects
@: no status effects
A: horns 1, demonic magic 1, demonic touch 2
a: no special abilities


You were on level 4 of the Dungeon.
You visited 1 branch of the dungeon, and saw 4 of its levels.

You collected 202 gold pieces.

Inventory:

Hand Weapons
 j - a +0 short sword
 o - a +1 whip of venom
Armour
 a - a +0 robe (worn)
 k - a +1 pair of gloves (worn)
Magical Staves
 A - the staff of poison "Cohi Ophu" (weapon) {Fragile rPois rN+ SInv}
   (You found it on level 4 of the Dungeon)

   [staff of poison]

   Base accuracy: +5 Base damage: 5 Base attack delay: 1.2 This weapon's minimum
   attack delay (0.6) is reached at skill level 12.
   rPois:     It protects you from poison.
   rN:        It protects you from negative energy.
   SInv:      It lets you see invisible.
   Fragile:   It will be destroyed if unequipped.
   It falls into the 'Staves' category.
   It is a one-handed weapon.
Jewellery
 n - an amulet of magic regeneration (around neck)
 r - a ring of willpower
 x - a ring of poison resistance (left hand)
 z - a +6 ring of strength (right hand)
Wands
 C - a wand of paralysis (3)
 E - a wand of light (10)
Scrolls
 f - a scroll of fear {unknown}
 l - 2 scrolls of noise
 m - a scroll of brand weapon {unknown}
 q - a scroll of poison {unknown}
 s - 3 scrolls of teleportation
 v - a scroll of enchant armour {unknown}
 y - a scroll of blinking {unknown}
 D - a scroll of vulnerability {unknown}
Potions
 b - a potion of magic
 c - a potion of haste {unknown}
 d - 3 potions of brilliance {unknown}
 e - 5 potions of heal wounds
 g - a potion of might {unknown}
 h - 3 potions of flight
 i - a potion of cancellation {unknown}
 p - a potion of curing {unknown}
 u - a potion of resistance {unknown}
 w - 2 potions of ambrosia {unknown}
Miscellaneous
 B - a phial of floods


   Skills:
 + Level 3.0 Dodging
 + Level 3.2 Stealth
 * Level 4.2 Spellcasting
 + Level 2.5 Transmutations
 + Level 1.9 Air Magic
 * Level 5.1 Poison Magic


You had 4 spell levels left.
You knew the following spells:

 Your Spells              Type           Power      Damage    Failure   Level
a - Sting                 Tmut/Pois      100%       1d8       3%          1
b - Poisonous Vapours     Pois/Air       50%        N/A       4%          2
c - Mephitic Cloud        Conj/Pois/Air  18%        N/A       16%         3
d - Olgreb's Toxic Radia  Pois           33%        N/A       17%         4

Your spell library contained the following spells:

 Spells                   Type           Power      Damage    Failure   Level
 Foxfire                  Conj/Fire      12%        2x1d4     14%         1
 Portal Projectile        Hex/Tloc       6%         N/A       41%         3
 Tukima's Dance           Hex            3%         N/A       41%         3
 Petrify                  Tmut/Erth      8%         N/A       63%         4
 Blade Hands              Tmut           6%         N/A       80%         5
 Fireball                 Conj/Fire      1%         3d3       99%         5
 Metabolic Englaciation   Hex/Ice        1%         N/A       99%         5
 Plasma Beam              Fire/Air       3%         2x1d15    100%        6
 Starburst                Conj/Fire      1%         6d3       100%        6
 Statue Form              Tmut/Erth      5%         N/A       100%        6


Dungeon Overview and Level Annotations

Branches:
Dungeon (4/15)
 Temple: D:4-7

Altars:
Cheibriados
Dithmenos
Gozag
Hepliaklqana
Okawaru
Trog
Yredelemnul

Annotations:
D:3 2 transporters, 13Fox's ghost, amateur DsHu
D:4 2 runed translucent doors


Innate Abilities, Weirdness & Mutations

You have a pair of small horns on your head.
Spells you cast may paralyse adjacent enemies.
Your touch may inflict irresistible damage on your foes.


Message History

No target in view!
No target in view!
HP restored.
You see here a +0 short sword.
You see here a +0 short sword.
You now have 202 gold pieces (gained 18).
You see here a +0 short sword.
A two-headed ogre comes into view. It is wielding two +0 giant clubs.
A two-headed ogre is nearby!
A two-headed ogre is nearby!
Found a crude helmet.
The two-headed ogre shouts in stereo!
The two-headed ogre closely misses you.
The two-headed ogre hits you with a +0 giant club!
You feel a surge of power!
The sting hits the two-headed ogre.
The two-headed ogre is poisoned.
The two-headed ogre is lightly wounded.
Malevolent energies surge around you.
Casting: Sting (safe; 3% risk of failure)
Confirm with . or Enter, or press ? or * to list all spells.
Aiming: Poisonous Vapours (safe; 4% risk of failure)
Press: ? - help, Dir - move target, f/p - two-headed ogre
Aim: a two-headed ogre, wielding two +0 giant clubs (lightly wounded, poisoned)
Okay, then.
Casting: Poisonous Vapours (safe; 4% risk of failure)
Confirm with . or Enter, or press ? or * to list all spells.
The spell is quite dangerous to miscast (17% risk of failure)!
Continue anyway?
You feel a surge of power!
You begin to radiate toxic energy.
The two-headed ogre looks even sicker.
Malevolent energies surge around you. The two-headed ogre barely misses you.
The two-headed ogre hits you with a +0 giant club!!
Unknown command.
Unknown command.
The two-headed ogre looks even sicker.
The two-headed ogre looks as sick as possible!
Your toxic aura wanes.
The two-headed ogre hits you with a +0 giant club!
* * * LOW HITPOINT WARNING * * *
The two-headed ogre hits you with a +0 giant club!!
You die...

#.........#.......#.........
#.........#.........#.......
#...................#.......
##+#...................#.......
#........######........#.......
#.......##....##........###...#
#...#...#)####.#.####..........
##........#..#.#.#...............
<..##++##.')#.##@#...............
#.##8..8#######O.#..............)
#.#8....8# #[...##.[...........##
..#[.....# ######.......###.....#
..#.....[# #...(#..........#
#.#8....8# ##...#...........
#.##8..8### #...#..........)
...##)†##.+ #.. #....#......
##.†......# #....##.....


You could see a two-headed ogre (extremely poisoned).

Vanquished Creatures
  A black bear (D:4)
  A kobold brigand (D:4)
  2 bullfrogs (D:4)
  2 hounds (D:4)
  A gnoll bouda (D:4)
  A jelly (D:4)
  2 iguanas (D:4)
  5 adders
  7 gnolls
  An ufetubus (D:4)
  5 dart slugs
  5 orcs
  9 bats
  6 endoplasms
  5 giant cockroaches
  9 goblins
  7 hobgoblins
  4 jackals (D:1)
  13 kobolds
  6 quokkas
  5 ball pythons
  A frilled lizard (D:2)
  8 rats
106 creatures vanquished.

Vanquished Creatures (others)
  A giant cockroach (D:3)
1 creature vanquished.

Grand Total: 107 creatures vanquished

Notes
Turn   | Place    | Note
-------+----------+-------------------------------------------
     0 | D:1      | 123456 the Demonspawn Venom Mage began the quest for the
                  | Orb.
     0 | D:1      | Reached XP level 1. HP: 13/13 MP: 3/3
   343 | D:1      | Reached skill level 1 in Transmutations
   613 | D:1      | Discovered your monstrous ancestry.
   613 | D:1      | Gained mutation: Your touch may inflict minor irresistible
                  | damage on your foes. [demonic ancestry]
   613 | D:1      | Reached XP level 2. HP: 17/19 MP: 3/5
   938 | D:1      | Learned a level 2 spell: Poisonous Vapours
  1607 | D:1      | Gained mutation: You have a pair of small horns on your
                  | head. [demonic ancestry]
  1607 | D:1      | Reached XP level 3. HP: 24/24 MP: 1/6
  2002 | D:1      | Learned a level 3 spell: Mephitic Cloud
  2259 | D:2      | Reached XP level 4. HP: 28/30 MP: 2/8
  3106 | D:3      | Reached skill level 4 in Poison Magic
  3428 | D:2      | Gained mutation: Spells you cast may paralyse adjacent
                  | enemies. [demonic ancestry]
  3428 | D:2      | Reached XP level 5. HP: 9/35 MP: 4/9
  3666 | D:3      | Noticed 13Fox's ghost (amateur DsHu)
  4102 | D:3      | Found a snail-covered altar of Cheibriados.
  4142 | D:3      | Found a transporter.
  4231 | D:3      | Learned a level 4 spell: Olgreb's Toxic Radiance
  4483 | D:3      | Found a transporter.
  4882 | D:4      | Found a large runed translucent door.
  4882 | D:4      | Found a large runed translucent door.
  4885 | D:4      | Found a large runed translucent door.
  4885 | D:4      | Found a large runed translucent door.
  4903 | D:4      | Reached skill level 1 in Air Magic
  4907 | D:4      | Reached XP level 6. HP: 39/41 MP: 2/11
  4917 | D:4      | Identified the staff of poison "Cohi Ophu" {Fragile rPois
                  | rN+ SInv}
  4979 | D:4      | Found an opulent altar of Gozag.
  4986 | D:4      | Found a basalt altar of Yredelemnul.
  4994 | D:4      | Found a shadowy altar of Dithmenos.
  5272 | D:4      | Found a bloodstained altar of Trog.
  5437 | D:4      | Gained mutation: Your touch may inflict irresistible damage
                  | on your foes. [demonic ancestry]
  5437 | D:4      | Reached XP level 7. HP: 46/46 MP: 8/13
  5440 | D:4      | Reached skill level 5 in Poison Magic
  5626 | D:4      | Found an iron altar of Okawaru.
  5635 | D:4      | Found a hazy altar of Hepliaklqana.
  5758 | D:4      | Noticed a two-headed ogre
  5765 | D:4      | Demolished by a two-headed ogre

Illustrated notes

Levels and vault maps discovered:
D:1:      psy_arrival_radial01, layout_loops_corners, dk_noncrumbling_2
D:2:      layout_rooms, kennysheep_generic_room_4
D:3:      minmay_razor_zed, layout_basic, cheibriados_altar_1,
          gammafunk_ghost_arena, lemuel_flame_loot_1
D:4:      minmay_bubble_buster, layout_basic,
          mainiacjoe_overflow_concentric_impassable,
          grunt_temple_overflow_diamond, mainiacjoe_overflow_swirl,
          dreamdust_mushroom_princess, moated_statue,
          minmay_hollow_rounded_squares

Skill      XL: |  1  2  3  4  5  6  7 |
---------------+----------------------+-----
Transmutations | 1 2 |  2.5
Stealth        | 2 3 |  3.2
Dodging        | 2 3 |  3.0
Poison Magic   | 4 5 |  5.1
Spellcasting   | 3 4 |  4.2
Air Magic      | 1 |  1.9

Action                     |  1- 3 |  4- 6 |  7- 9 || total
---------------------------+-------+-------+-------++-------
  Melee: Unarmed           |     8 |       |       ||     8
         Club              |     3 |       |       ||     3
         Short sword       |    41 |       |       ||    41
         Touch             |     6 |    16 |     6 ||    28
         Headbutt          |     1 |     8 |     6 ||    15
         Whip              |       |    47 |       ||    47
         Staff             |       |    22 |    19 ||    41
   Cast: Sting             |    33 |    69 |    11 ||   113
         Poisonous Vapours |     6 |     9 |       ||    15
         Mephitic Cloud    |     1 |     1 |       ||     2
         Olgreb's Toxic Ra |       |     5 |     1 ||     6
    Use: Scroll            |       |       |     5 ||     5
   Stab: Sleeping          |     1 |     2 |     2 ||     5
 Armour: Robe              |    29 |    16 |     3 ||    48
  Dodge: Dodged            |    72 |    63 |    15 ||   150

Table legend: (Time is in decaauts)
 A = Elapsed time spent in this place.
 B = Non-inter-level travel time spent in this place.
 C = Inter-level travel time spent in this place.
 D = Time resting spent in this place.
 E = Time spent auto-exploring this place.
 F = Levels seen in this place.
 G = Mean time per level.
                   A        B        C        D        E       F      G
               +--------+--------+--------+--------+--------+-----+--------+
         Total |   5781 |   5683 |     98 |   2103 |   2665 |   4 | 1445.2 |
       Dungeon |   5781 |   5683 |     98 |   2103 |   2665 |   4 | 1445.2 |
               +--------+--------+--------+--------+--------+-----+--------+

Top non-repeatable levels by time:
     D:1: 2399 daAuts
     D:3: 1342 daAuts
     D:2: 1149 daAuts
     D:4: 890 daAuts
